 Dungeon Crawl Stone Soup version 0.30-b1-2-g02819fbbbe (webtiles) character file.

Game seed: 14820866436532102942

23 Alarkh the Charlatan (level 2, 0/23 HPs)
             Began as a Demonspawn Artificer on Nov 24, 2023.
             Slain by a gnoll
             ... wielding a +0 club
              (5 damage)
             ... on level 2 of the Dungeon.
             The game lasted 00:00:46 (965 turns).

Alarkh the Charlatan (Demonspawn Artificer)          Turns: 965, Time: 00:00:47

Health: 0/23       AC:  3    Str: 12    XL:     2   Next: 72%
Magic:  2/2        EV: 11    Int: 12    God:
Gold:   49         SH:  0    Dex: 13    Spells: 1/1 levels left

rFire   . . .        a - +0 club
rCold   . . .        (no shield)
rNeg    . . .        b - +0 leather armour
rPois   .            (no helmet)
rElec   .            (no cloak)
rCorr   .            (no gloves)
SInv    .            (no boots)
Will    .....        (no amulet)
Stlth   +            (no ring)
HPRegen 0.23/turn    (no ring)
MPRegen 0.08/turn

%: no passive effects
@: no status effects
A: weakness stinger 1
a: no special abilities


You were on level 2 of the Dungeon.
You visited 1 branch of the dungeon, and saw 2 of its levels.

You collected 49 gold pieces.

Inventory:

Hand Weapons
 a - a +0 club (weapon)
Armour
 b - a +0 leather armour (worn)
Jewellery
 h - a ring of ice
Wands
 c - a wand of flame (15) (quivered)
 d - a wand of charming (15)
 e - a wand of iceblast (5)
Scrolls
 i - a scroll of poison {unknown}
 j - a scroll of noise {unknown}
 k - a scroll of enchant armour {unknown}
Potions
 f - a potion of lignification {unknown}
 g - a potion of curing {unknown}


   Skills:
 + Level 2.4 Fighting
 - Level 1.7 Armour
 - Level 0.8 Dodging
 - Level 0.8 Stealth
 * Level 1.0 Unarmed Combat
 - Level 3.0 Evocations


You had one spell level left.
You didn't know any spells.
Your spell library contained the following spells:

 Spells                   Type           Power      Damage    Failure   Level
 Shock                    Conj/Air       0%         1d3       38%         1
 Swiftness                Air            0%         N/A       77%         3
 Airstrike                Air            0%         2d(0-16)  99%         4


Dungeon Overview and Level Annotations

Branches:
Dungeon (2/15)

Altars:


Innate Abilities, Weirdness & Mutations

You have a small tail.


Message History

Done exploring.
(D) Dungeon
Where to? (? - help)
You see here a +0 club.
There is a stone staircase leading down here.
You climb downwards.
There is a stone staircase leading up here.
Key pressed, stopping travel.
Found 7 stones.
You pick up a book of Air and begin reading...
You add the spells Shock, Swiftness and Airstrike to your library.
You now have 49 gold pieces (gained 13).
A rat comes into view.
You barely miss the rat. The rat closely misses you.
A gnoll comes into view. It is wielding a +0 club.
You hit the rat.
You kill the rat!
Your Unarmed Combat skill increases to level 1!
A rat comes into view.
A gnoll comes into view. It is wielding a +0 spear.
The gnoll shouts!
A gnoll comes into view. It is wielding a +0 whip.
You closely miss the gnoll.
Your tail-slap misses the gnoll.
The gnoll hits you from afar with a +0 spear.
The gnoll hits you with a +0 club.
You closely miss the gnoll. You punch the gnoll, but do no damage.
The gnoll barely misses you. The gnoll hits you with a +0 club.
A gnoll comes into view. It is wielding a +0 flail.
The gnoll hits you from afar with a +0 spear.
The rat misses you. The gnoll completely misses you.
You hit the gnoll but do no damage.
You tail-slap the gnoll, but do no damage.
The rat bites you.
The gnoll hits you from afar with a +0 spear.
The gnoll hits you with a +0 club.
* * * LOW HITPOINT WARNING * * *
You are too injured to fight recklessly!
There are monsters nearby!
The gnoll hits you with a +0 club.
You die...

######### ........
#.#..#.# ##.#..#.#
#.....#.#
#..#..#.##########
#.##.g#....##.......#
#...gr@....##.......#
..g...g###..###.......#
....... #............#
......# #..###.......#
###### #.## #..(....#
#.####.......#
#.##......####
#.##.####.###
#...........#


You could see 4 gnolls and a rat.

Vanquished Creatures
  A dart slug (D:1)
  An endoplasm (D:1)
  A goblin (D:1)
  2 hobgoblins (D:1)
  3 jackals (D:1)
  4 ball pythons (D:1)
  2 bats (D:1)
  2 frilled lizards (D:1)
  2 kobolds (D:1)
  3 rats
21 creatures vanquished.

Vanquished Creatures (others)
  A plant (D:1)
1 creature vanquished.

Grand Total: 22 creatures vanquished

Notes
Turn   | Place    | Note
-------+----------+-------------------------------------------
     0 | D:1      | Alarkh the Demonspawn Artificer began the quest for the
                  | Orb.
     0 | D:1      | Reached XP level 1. HP: 15/15 MP: 1/1
   380 | D:1      | Discovered your monstrous ancestry.
   380 | D:1      | Gained mutation: You have a small tail. [demonic ancestry]
   380 | D:1      | Reached XP level 2. HP: 22/22 MP: 2/2
   506 | D:1      | Found a faded altar of an unknown god.
   959 | D:2      | Reached skill level 1 in Unarmed Combat
   965 | D:2      | Slain by a gnoll

Illustrated notes

Levels and vault maps discovered:
D:1:      roderic_crop_circles_arrival_small, layout_loops_ring,
          chequers_ecumenical_altar_simple_redux, minmay_misc_feat_rugged
D:2:      layout_loops_cross

Skill      XL: |  1  2 |
---------------+-------+-----
Fighting       | 2 |  2.4
Unarmed Combat | 1 |  1.0
Armour         | |  1.7
Dodging        | |  0.8
Stealth        | |  0.8
Evocations     | |  3.0

Action                     || total
---------------------------++-------
  Melee: Club              ||   101
         Tailslap          ||    10
         Punch             ||     1
   Stab: Sleeping          ||     2
 Armour: Leather armour    ||    30
  Dodge: Dodged            ||    67
